Map: Rovine di Seras

Players

Jhyrachy - Winner!

  • Race: Zerg Zerg
  • League: Silver

Baise

  • Race: Protoss Protoss
  • League: Silver

VOD

Have the link to the VOD?

Description

Time

  • Played on: Dec. 19, 2015, 7:09 a.m.
  • Length: 15:38
Show
View Real Time Build Order
Export as new Build Order

Jhyrachy Zerg - Winner!

Build Orders: Hatch First, Lurkers 

Get SALT Encoding   

  12  0:01  Drone  
  13  0:11  Drone  
  14  0:17  Overlord  
  14  0:36  Drone x3  
  17  0:59  Hatchery  
  17  1:02  Extractor  
  17  1:03  Drone  
  16  1:14  Spawning Pool  
  15  1:19  Drone  
  16  1:28  Drone  
  16  1:29  Drone  
  18  1:47  Drone  
  18  1:49  Overlord  
  19  2:09  Metabolic Boost  
  19  2:11  Queen  
  19  2:14  Queen  
  23  2:21  Drone  
  23  2:22  Drone  
  25  2:23  Drone  
  26  2:33  Drone x2  
  28  2:48  Roach Warren  
  27  3:00  Zergling x2  
  28  3:06  Drone  
  28  3:07  Drone  
  28  3:10  Extractor  
  29  3:21  Drone x5  
  29  3:22  Drone  
  29  3:23  Overlord  
  35  3:35  Lair  
  35  4:11  Evolution Chamber  
  33  4:38  Hydralisk Den  
  32  4:43  Spore Crawler  
  32  4:44  Spore Crawler  
  30  4:50  Spore Crawler  
  29  4:53  Spore Crawler  
  28  5:05  Overlord x2  
  28  5:06  Overlord  
  28  5:09  Muscular Augments  
  28  5:22  Extractor  
  27  5:33  Overseer  
  27  5:41  Overlord x3  
  27  5:42  Overlord  
  27  5:46  Pneumatized Carapace  
  27  5:52  Drone  
  27  5:53  Drone x4  
  27  5:54  Drone x3  
  35  6:11  Queen  
  35  6:14  Hydralisk x5  
  35  6:15  Hydralisk x7  
  61  6:34  Queen  
  61  6:39  Zerg Missile Weapons Level 1  
  63  6:42  Lurker Den  
  57  7:01  Hydralisk  
  57  7:02  Hydralisk x2  
  57  7:26  Hydralisk x4  
  53  8:16  Lurker x4  
  57  8:23  Extractor  
  56  8:33  Hatchery  
  51  9:17  Queen  
  51  9:21  Hydralisk x11  
  75  9:59  Zerg Missile Weapons Level 2  
  75  10:10  Drone x2  
  75  10:11  Drone  
  44  11:17  Roach  
  44  11:18  Roach x19  
  72  11:19  Roach  
  72  11:21  Overlord x4  
  72  11:25  Glial Reconstitution  
  82  12:05  Burrow  
  82  12:07  Hydralisk  
  82  12:08  Hydralisk x14  
  112  12:24  Zerg Ground Armor Level 1  
  112  12:41  Overseer  
  112  12:45  Ravager  
  112  12:46  Ravager  
  114  12:52  Overlord x2  
  114  12:53  Overlord  
  114  13:14  Ravager x2  
  114  13:15  Ravager  
  117  13:26  Roach x10  
  137  13:28  Overlord  
  137  13:29  Overlord  
  105  15:26  Extractor  
Show
View Real Time Build Order
Export as new Build Order

Baise Protoss 

Build Orders: Phoenix Opening 

Get SALT Encoding   

  12  0:01  Probe (Chrono Boost)  
  13  0:11  Probe (Chrono Boost)  
  14  0:23  Pylon  
  14  0:25  Probe (Chrono Boost)  
  15  0:32  Assimilator  
  15  0:44  Gateway  
  15  0:50  Probe (Chrono Boost)  
  16  1:01  Probe (Chrono Boost)  
  17  1:11  Probe (Chrono Boost)  
  17  1:15  Assimilator  
  18  1:22  Probe (Chrono Boost)  
  18  1:24  Pylon  
  19  1:31  Cybernetics Core  
  20  1:33  Probe (Chrono Boost)  
  20  1:43  Probe (Chrono Boost)  
  21  2:11  Nexus  
  21  2:14  Mothership Core (Chrono Boost)  
  23  2:26  Pylon  
  23  2:38  Stargate  
  23  2:40  Sentry  
  25  2:48  Warp Gate (Chrono Boost)  
  25  2:55  Probe  
  26  3:02  Forge  
  26  3:07  Sentry  
  28  3:24  Phoenix, Probe  
  31  3:28  Probe  
  31  3:30  Pylon  
  31  3:34  Sentry  
  34  3:35  Probe  
  34  3:40  Probe  
  36  3:45  Probe  
  37  3:53  Probe  
  38  3:56  Probe  
  38  3:59  Photon Cannon  
  39  4:08  Pylon  
  39  4:13  Photon Cannon  
  39  4:21  Robotics Facility  
  39  4:24  Assimilator  
  39  4:34  Gateway  
  39  4:35  Gateway  
  39  4:44  Stalker  
  41  4:54  Oracle  
  41  4:56  Probe  
  41  4:59  Probe  
  46  5:07  Probe  
  47  5:17  Probe  
  47  5:20  Stalker  
  50  5:26  Immortal (Chrono Boost)  
  54  5:31  Robotics Bay  
  54  5:33  Assimilator  
  54  5:42  Probe  
  55  5:46  Stalker  
  57  5:53  Probe  
  57  5:54  Probe  
  59  6:00  Stalker  
  59  6:04  Sentry, Probe, Immortal (Chrono Boost)  
  68  6:15  Probe  
  69  6:37  Pylon x2  
  69  6:38  Pylon  
  69  6:39  Pylon  
  69  6:42  Observer (Chrono Boost)  
  69  6:44  Robotics Facility  
  70  7:00  Observer (Chrono Boost)  
  48  7:08  Stalker  
  48  7:09  Stalker x2  
  52  7:16  Extended Thermal Lance (Chrono Boost)  
  52  7:17  Photon Cannon  
  52  7:18  Photon Cannon  
  52  7:28  Colossus (Chrono Boost)  
  58  7:33  Stalker x2  
  56  8:11  Stalker x2  
  56  8:12  Stalker  
  52  8:14  Colossus (Chrono Boost)  
  58  8:36  Pylon  
  58  8:37  Pylon  
  58  8:40  Nexus, Pylon  
  58  8:44  Assimilator  
  58  8:48  Pylon  
  56  9:03  Stalker x3  
  62  9:16  Observer (Chrono Boost)  
  63  9:23  Disruptor (Chrono Boost)  
  66  9:35  Disruptor (Chrono Boost)  
  66  9:37  Gateway  
  69  9:40  Gateway  
  69  9:41  Gateway  
  69  9:55  Stalker x2  
  69  9:56  Stalker  
  49  10:58  Stalker x3  
  55  11:04  Probe  
  56  11:15  Probe  
  56  11:16  Immortal (Chrono Boost)  
  61  11:21  Pylon  
  61  11:23  Pylon  
  61  11:25  Probe  
  62  11:42  Photon Cannon  
  62  11:47  Forge  
  62  11:48  Assimilator  
  62  11:49  Pylon  
  62  11:50  Protoss Ground Weapons Level 1 (Chrono Boost), Probe, Immortal (Chrono Boost), Pylon  
  62  11:51  Pylon  
  67  12:01  Probe  
  68  12:09  Pylon  
  68  12:17  Probe, Robotics Facility  
  69  12:24  Protoss Ground Armor Level 1 (Chrono Boost)  
  69  12:28  Probe  
  70  12:31  Twilight Council  
  70  12:37  Observer (Chrono Boost)  
  70  12:38  Probe  
  70  12:41  Sentry x4  
  80  12:45  Sentry  
  80  12:47  Sentry  
  84  12:56  Observer (Chrono Boost)  
  85  13:04  Stalker  
  85  13:05  Stalker x3  
  91  13:10  Probe  
  94  13:15  Mothership Core  
  96  13:20  Probe  
  97  13:28  Charge  
  97  13:32  Observer  
  98  13:38  Protoss Shields Level 1 (Chrono Boost)  
  98  13:42  Zealot x2  
  98  13:43  Zealot  
  104  13:54  Observer  
  109  13:55  Immortal  
  109  13:58  Zealot  
  98  14:30  Nexus  
  73  14:44  Stalker x3  
  73  14:45  Stalker x3  
  59  15:03  Assimilator  
  59  15:08  Assimilator  
  59  15:11  Sentry x4, Pylon  
  59  15:12  Pylon  
Tags
 
Add a new tag
Caveats
  • Supply blocks, unpowered buildings, or Contaminate may cause inaccurate times.
  • Supply counts are checked every 10 seconds.